AoeStats
← Sonny

Arabia

510006924Analyzed
3v3 RM · 3d ago on Sep 29, 2026· 18m 38s· 6 players
Game mode
Random Map
Map size
Normal (6 player)
Population
200
Speed
Normal
Resources
Standard
Victory
Conquest
Starting age
Dark Age
Ending age
Imperial Age
RankedLock teamsTeams togetherTeam positionsShared explorationLock speedFull tech treeHidden civsTurbo modeCheats
Victory
Defeat
🇺🇸 Ethiopians · United States
845
+7
🇺🇸 Mongols · United States
839
+8
🇺🇸 Portuguese · United States
823
+8
🇮🇩 Franks · Indonesia
731
-10
🇺🇸 Persians · United States
599
-7
🇺🇸 Britons · United States
580
-6
FunkyBiz
0:55 Loom
11:19 Feudal Age
12:38 Wheelbarrow
11:55 Double-Bit Axe
12:37 Horse Collar
Picnic
11:35 Feudal Age
12:46 Double-Bit Axe
19:44 Castle Age
18:46 Scale Barding Armor
mrwooten
0:36 Loom
12:19 Feudal Age
13:40 Wheelbarrow
13:04 Double-Bit Axe
13:04 Horse Collar
15:32 Town Watch
Wesley
7:51 Loom
10:10 Feudal Age
10:56 Double-Bit Axe
14:34 Fletching
19:14 Wheelbarrow
Sonny
8:37 Loom
9:29 Loom
12:18 Feudal Age
19:19 Castle Age
17:35 Man-at-Arms
Pseudofinch
4:54 Loom
11:01 Feudal Age
11:56 Double-Bit Axe
15:31 Forging
15:27 Scale Barding Armor
16:55 Gold Mining
20:21 Castle Age
Connection lost

Rejoining the realm…

Still unreachable

The connection could not be restored.

Session expired

The server has moved on; the page needs a fresh start.